 Dungeon Crawl Stone Soup version 0.17-a0-1914-gde4187c (webtiles) character file.

30041 4thArraOfDagon the Slicer (level 13, 0/85 HPs)
             Began as a Halfling Assassin on Sept 26, 2015.
             Was a High Priest of Okawaru.
             Slain by an orc warrior
             ... wielding a +0 glaive
             ... led by an orc high priest
              (17 damage)
             ... on level 4 of the Orcish Mines on Sept 27, 2015.
             The game lasted 00:52:52 (7944 turns).

4thArraOfDagon the Slicer (Halfling Assassin)       Turns: 7944, Time: 00:52:52

Health: 0/85       AC:  3    Str:  9    XL:     13   Next: 85%
Magic:  19/19      EV: 20    Int: 14    God:    Okawaru [*****.]
Gold:   1307       SH:  0    Dex: 17    Spells: 1 memorised, 14 levels left

rFire  + . .     SeeInvis +     b - +9 scimitar of the Countless Souls {flame, +Fly rC+++ Str-2 SInv}
rCold  + + +     Clarity  .     c - +0 robe
rNeg   + . .     SustAt   .     (shield restricted)
rPois  +         Gourm    .     U - -2 hat of the Alchemist {rElec rPois rF+ rC+ rN+ MR+ rMut rCorr}
rElec  +         Spirit   .     W - +0 cloak {rPois}
rCorr  +         Warding  .     (no gloves)
rMut   +         Stasis   .     u - +0 pair of boots
MR     ++...                    F - amulet of regeneration
Stlth  ++++++....               (no ring)
                                y - ring of protection from magic

@: about to teleport, very resistant to hostile enchantments, very stealthy
A: molten scales 1, mutation resistance 1
a: Heroism, Finesse, Renounce Religion, Evoke Flight


You were on level 4 of the Orcish Mines.
You worshipped Okawaru.
Okawaru was extremely pleased with you.
You were hungry.

You visited 2 branches of the dungeon, and saw 19 of its levels.
You also visited: Sewer and Bailey.

You collected 1753 gold pieces.
You spent 446 gold pieces at shops.

Inventory:

Hand weapons
 b - the +9 scimitar of the Countless Souls (weapon) {flame, +Fly rC+++ Str-2 SInv}
   (You found it in a bailey)

   It has been specially enchanted to burn those struck by it, causing extra
   injury to most foes and up to half again as much damage against particularly
   susceptible opponents.
   Big, fiery blades are also staple armaments of hydra-hunters.
   It affects your strength (-2).
   It renders you almost immune to cold.
   It lets you see invisible.
   It lets you fly.
 C - a +1 rapier of draining
 M - a +0 rapier of draining
 Q - the +7 hunting sling "Hecheuqo" {freeze, rN+, unknown}
   (Okawaru gifted it to you on level 11 of the Dungeon)

   It causes projectiles fired from it to freeze those they strike, causing
   extra injury to most foes and up to half again as much damage against
   particularly susceptible opponents.
   They can also slow down cold-blooded creatures.
   It protects you from negative energy.
 S - the +1 quick blade of Valour {antimagic, Dex+4}
   (Okawaru gifted it to you on level 15 of the Dungeon)

   It disrupts the flow of magical energy around spellcasters and certain
   magical creatures (including the wielder).
   It affects your dexterity (+4).
 T - a +2 blowgun
Missiles
 e - 42 poisoned needles
 f - 8 curare-tipped needles
 I - 12 needles of sleeping
 O - 4 needles of paralysis
Armour
 c - a +0 robe (worn)
 u - a +0 pair of boots (worn)
 U - the -2 hat of the Alchemist (worn) {rElec rPois rF+ rC+ rN+ MR+ rMut rCorr}
   (You found it on level 12 of the Dungeon)

   It protects you from fire.
   It protects you from cold.
   It insulates you from electricity.
   It protects you from poison.
   It protects you from negative energy.
   It affects your resistance to hostile enchantments.
   It protects you from acid and corrosion.
   It protects you from mutation.
 W - a +0 cloak of poison resistance (worn)
Jewellery
 m - an uncursed ring of fire
 y - a ring of protection from magic (left hand)
 F - an amulet of regeneration (around neck)
Magical devices
 s - a wand of fire (3)
 t - a wand of paralysis (0)
 H - a wand of paralysis (6)
 P - a wand of draining (0)
 V - a wand of enslavement (10)
Scrolls
 a - 3 scrolls of amnesia {unknown}
 i - 5 scrolls of remove curse
 j - 2 scrolls of recharging
 l - a scroll of summoning {unknown}
 q - 3 scrolls of magic mapping
 v - a scroll of enchant armour {unknown}
 w - a scroll of fear {unknown}
 x - a scroll of enchant weapon {unknown}
 B - a scroll of brand weapon {unknown}
 E - a scroll of random uselessness {unknown}
 R - a scroll of silence {unknown}
 X - a scroll of fog
Potions
 h - a potion of cure mutation {unknown}
 k - 2 potions of poison {unknown}
 o - 2 potions of haste {unknown}
 p - 2 potions of ambrosia
 A - 2 potions of lignification
 G - 3 potions of curing
 J - 4 potions of brilliance
 K - 2 potions of degeneration {unknown}
 N - a potion of flight
 Y - a potion of beneficial mutation {unknown}
Books
 L - a book of the Earth

   Spells                             Type                      Level
   a - Leda's Liquefaction            Hexes/Earth                  4
   b - Bolt of Magma                  Conjuration/Fire/Earth       5
   c - Statue Form                    Transmutation/Earth          6
   d - Iron Shot                      Conjuration/Earth            6
   e - Shatter                        Earth                        9
Comestibles
 d - 3 chunks of flesh
 g - 9 bread rations
 n - 10 slices of pizza
 r - 6 meat rations
 z - 4 beef jerkies


   Skills:
 + Level 6.7 Fighting
 - Level 12.7(12.8) Short Blades
 * Level 1.8(6.6) Long Blades
 - Level 2.6 Throwing
 + Level 7.6 Dodging
 - Level 12.6 Stealth
 + Level 4.1 Spellcasting
 * Level 5.6 Transmutations
 * Level 8.1 Earth Magic
 - Level 4.0 Invocations
 - Level 6.3 Evocations


You had 14 spell levels left.
You knew the following spells:

 Your Spells              Type           Power        Failure   Level  Hunger
a - Statue Form           Trmt/Erth      ###......    99%         6    #######


Dungeon Overview and Level Annotations

Branches:
Dungeon (15/15)               Orc (4/4) D:12         Depths (0/5) D:15
 Temple: D:4-7         Lair: D:8-11         Elf: Orc:3-4     Vaults: D:13-14

Altars:
Dithmenos
Okawaru
Beogh

Shops:
D:6 (*:=:   D:12 (   Orc:2 [   Orc:3 ?   Orc:4 %}

Annotations:
D:10 Pikaro's ghost, experienced DrTm


Innate Abilities, Weirdness & Mutations

You are small and have problems with some larger weapons.
You are somewhat resistant to further mutation.
You are partially covered in molten scales (AC +1).


Message History

Unknown command.
Unknown command.
You feel like a meek peon again.
The blue devil swoops through the air toward you!
The blue devil completely misses you.
Unknown command.
Unknown command.
Drink which item? (? for menu, Esc to quit)
Okay, then.
Read which item? (? for menu, Esc to quit)
As you read the scroll of teleportation, it crumbles to dust.
You feel strangely unstable.
The orc warrior hits you from afar with a glaive.
* * * LOW HITPOINT WARNING * * *
The blue devil barely misses you.
Unknown command.
Drink which item? (? for menu, Esc to quit)
You feel better. The red devil misses you.
The orc warrior hits you from afar with a glaive!
You die...

... ## .....##..#
......#.o..
.........∩. ###
.........o.###.##
..........##4..4#
...........#oo3@#
$...........o#o###
......#.#........#
.....#...#..#.o...#
........#.##...#.##
.......#.........#
.............#....
...........####....#
.............###...#


You could see a smoke demon, a blue devil, a red devil, an orc warrior and 3
orcs.

Vanquished Creatures
  Maud (Orc:4)
  A hydra (D:11)
  A rakshasa (D:15)
  A centaur warrior (D:14)
  Urug (D:14)
  Nergalle (D:12)
  3 skeletal warriors (D:14)
  A giant orange brain (D:15)
  6 orc knights
  5 ugly things
  4 hill giants
  2 cyclopes
  2 orc sorcerers
  2 manticores
  A guardian serpent (D:12)
  4 centaur skeletons
  A kobold demonologist (D:11)
  3 gargoyles
  2 trolls
  A freezing wraith (D:14)
  A two-headed ogre (D:8)
  A hornet zombie (D:14)
  3 slime creatures (D:15)
  A wyvern (D:12)
  20 yaks
  A deep elf mage (D:10)
  A hog (shapeshifter) (D:15)
  2 humans
  3 hungry ghosts
  A wolf (D:8)
  3 ice beasts
  2 sky beasts
  5 ogres
  A black bear (D:12)
  17 orc warriors
  A water moccasin (D:9)
  An eye of draining (D:9)
  A necrophage (D:14)
  9 giant frogs
  A crocodile (Sewer)
  3 big kobolds
  2 centaurs
  4 scorpions
  8 killer bees
  An electric eel (D:11)
  4 crimson imps
  8 hounds
  2 giant frog zombies
  9 orc priests
  4 jellies
  17 worker ants
  2 iguanas
  18 orc wizards
  6 sheep
  A worker ant zombie (D:6)
  3 adders
  3 shadow imps
  A hound simulacrum (D:8)
  An adder skeleton (D:6)
  An adder zombie (D:6)
  A worm (D:2)
  7 giant geckos
  118 orcs
  4 giant cockroaches
  13 jackals
  4 quokkas
  2 ball pythons
  6 bats
  5 giant newts
  16 kobolds
  3 rats
395 creatures vanquished.

Vanquished Creatures (others)
  An unseen horror (D:14)
  A mottled dragon (D:14)
2 creatures vanquished.

Grand Total: 397 creatures vanquished

Notes
Turn   | Place    | Note
--------------------------------------------------------------
     0 | D:1      | 4thArraOfDagon the Halfling Assassin began the quest for the Orb.
     0 | D:1      | Reached XP level 1. HP: 14/14 MP: 1/1
    49 | D:1      | Reached XP level 2. HP: 12/19 MP: 2/2
   343 | D:3      | Reached XP level 3. HP: 15/24 MP: 3/3
   401 | D:2      | Found an iron altar of Okawaru.
   410 | D:2      | uhh
   411 | D:2      | Became a worshipper of Warmaster Okawaru
   539 | D:3      | Reached skill level 5 in Stealth
   719 | D:4      | Reached XP level 4. HP: 20/29 MP: 4/4
   751 | D:4      | Reached XP level 5. HP: 25/34 MP: 5/5
   922 | D:5      | Entered Level 5 of the Dungeon
  1062 | D:5      | Acquired Okawaru's first power
  1062 | D:5      | Reached skill level 5 in Short Blades
  1062 | D:5      | Reached skill level 6 in Stealth
  1062 | D:5      | Reached XP level 6. HP: 41/41 MP: 6/6
  1209 | D:6      | Noticed an ogre
  1300 | D:6      | Found a glowing drain.
  1308 | Sewer    | Entered a sewer
  1365 | Sewer    | Reached skill level 1 in Invocations
  1365 | Sewer    | Reached skill level 1 in Evocations
  1365 | Sewer    | Reached XP level 7. HP: 45/45 MP: 7/7
  1454 | D:6      | wastef
  1456 | D:6      | Found Ninliq's Jewellery Boutique.
  1510 | D:6      | Found Adoegh's Book Boutique.
  1604 | D:6      | Found Unode's Book Shoppe.
  1664 | D:6      | Found Ratiull's Antique Weapon Boutique.
  1709 | D:6      | Found Fiunwaixto's General Store.
  1715 | D:6      | 5 shops wow
  1734 | D:6      | Bought a glowing rapier for 72 gold pieces
  1761 | D:6      | Bought a scroll of identify for 20 gold pieces
  1761 | D:6      | Bought a potion of invisibility for 80 gold pieces
  1761 | D:6      | Bought a scroll of identify for 20 gold pieces
  1992 | D:7      | Reached skill level 7 in Stealth
  1992 | D:7      | Reached XP level 8. HP: 39/52 MP: 9/9
  2094 | D:7      | Noticed a brown ugly thing
  2104 | D:7      | Killed a brown ugly thing
  2314 | D:8      | Reached skill level 8 in Stealth
  2314 | D:8      | Reached XP level 9. HP: 48/58 MP: 11/11
  2411 | D:8      | Noticed a two-headed ogre
  2419 | D:8      | Killed a two-headed ogre
  2507 | D:7      | Noticed a hungry ghost
  2530 | D:7      | Killed a hungry ghost
  2614 | D:8      | Noticed a polar bear
  2814 | D:9      | Reached skill level 9 in Stealth
  2947 | D:9      | Reached skill level 5 in Dodging
  2960 | D:9      | Learned a level 6 spell: Statue Form
  3000 | D:9      | Reached skill level 1 in Earth Magic
  3008 | D:9      | Noticed a hill giant
  3035 | D:9      | Killed a hill giant
  3035 | D:9      | Reached skill level 1 in Transmutations
  3035 | D:9      | Reached XP level 10. HP: 59/65 MP: 11/13
  3226 | D:9      | Found an iron altar of Okawaru.
  3343 | D:10     | Entered Level 10 of the Dungeon
  3343 | D:10     | Noticed a hill giant
  3346 | D:10     | Killed a hill giant
  3346 | D:10     | Reached skill level 1 in Spellcasting
  3422 | D:10     | Noticed Pikaro's ghost (experienced DrTm)
  3544 | D:11     | Acquired Okawaru's second power
  3544 | D:11     | Received a gift from Okawaru
  3564 | D:11     | Noticed an eight-headed hydra
  3572 | D:11     | Killed an eight-headed hydra
  3572 | D:11     | Reached skill level 5 in Fighting
  3572 | D:11     | Reached skill level 10 in Stealth
  3688 | D:11     | Received a gift from Okawaru
  3883 | D:11     | Reached skill level 10 in Short Blades
  4042 | D:12     | Noticed a purple ugly thing
  4047 | D:12     | Killed a purple ugly thing
  4047 | D:12     | Reached XP level 11. HP: 65/71 MP: 11/14
  4064 | D:12     | Noticed a manticore
  4070 | D:12     | Killed a manticore
  4183 | D:12     | Gained mutation: You are partially covered in molten scales (AC +1). [mutagenic meat]
  4423 | D:12     | Found Lomonuhu's Weapon Emporium.
  4425 | D:12     | Found a staircase to the Orcish Mines.
  4436 | D:12     | Noticed Nergalle
  4540 | D:13     | Noticed a hill giant
  4547 | D:13     | Killed a hill giant
  4571 | D:13     | Noticed a cyclops
  4597 | D:13     | Killed a cyclops
  4619 | D:13     | Reached skill level 5 in Evocations
  4774 | D:14     | Noticed Urug
  4796 | D:14     | Noticed a manticore
  4807 | D:14     | Killed a manticore
  4835 | D:15     | Entered Level 15 of the Dungeon
  4851 | D:15     | Noticed an orc knight
  4852 | D:15     | Killed an orc knight
  4852 | D:15     | Received a gift from Okawaru
  4853 | D:15     | Got a translucent quick blade {god gift}
  4867 | D:14     | Identified the +1 quick blade of Valour {antimagic, Dex+4} (Okawaru gifted it to you on level 15 of the Dungeon)
  4871 | D:14     | :(
  4886 | D:14     | Killed an unseen horror
  4909 | D:14     | Noticed a centaur warrior
  4922 | D:14     | Noticed a hill giant
  4930 | D:14     | Reached skill level 11 in Short Blades
  4930 | D:14     | Reached skill level 5 in Earth Magic
  4932 | D:14     | Killed a hill giant
  4934 | D:14     | Noticed a skeletal warrior
  4935 | D:14     | Noticed a cyclops
  4937 | D:14     | Killed a centaur warrior
  4937 | D:14     | Reached XP level 12. HP: 49/78 MP: 2/15
  4946 | D:14     | Killed a cyclops
  4949 | D:14     | Noticed a skeletal warrior
  4951 | D:14     | Noticed a skeletal warrior
  4957 | D:14     | Killed Urug
  4958 | D:14     | Killed a skeletal warrior
  4966 | D:14     | Killed a skeletal warrior
  4966 | D:14     | Received a gift from Okawaru
  4969 | D:14     | Killed a skeletal warrior
  5108 | D:14     | Noticed a skeletal warrior
  5196 | D:13     | You fall through a shaft for 2 floors!
  5196 | D:15     | Noticed a brown ugly thing
  5196 | D:15     | Noticed a brown ugly thing
  5198 | D:15     | Noticed an orc knight
  5217 | D:15     | Killed an orc knight
  5275 | D:15     | Found a shadowy altar of Dithmenos.
  5364 | D:15     | Noticed a cyan ugly thing
  5368 | D:15     | Noticed a brown ugly thing
  5368 | D:15     | Noticed a rakshasa
  5370 | D:15     | Killed a rakshasa
  5373 | D:15     | Killed a cyan ugly thing
  5374 | D:15     | Killed a brown ugly thing
  5374 | D:15     | Received a gift from Okawaru
  5374 | D:15     | Reached skill level 12 in Short Blades
  5375 | D:15     | Noticed a giant orange brain
  5386 | D:15     | Killed a giant orange brain
  5387 | D:15     | Noticed a brown ugly thing
  5389 | D:15     | Killed a brown ugly thing
  5389 | D:15     | Reached XP level 13. HP: 83/83 MP: 16/18
  5390 | D:15     | Found a staircase to the Depths.
  5392 | D:15     | Noticed an anubis guard
  5394 | D:15     | an anubis guard changed into a yaktaur
  5814 | D:12     | Noticed a guardian serpent
  5878 | D:12     | Killed a guardian serpent
  5985 | D:12     | Reached skill level 5 in Transmutations
  6159 | D:12     | Killed Nergalle
  6256 | D:11     | Received a gift from Okawaru
  6257 | D:11     | Got a dazzling hunting sling {god gift}
  6394 | Orc:1    | Entered Level 1 of the Orcish Mines
  6619 | Orc:2    | Found a flagged portal.
  6628 | Bailey   | Entered a bailey
  6770 | Bailey   | Got a scorched scimitar
  6779 | Bailey   | Identified the +9 scimitar of the Countless Souls {flame, +Fly rC+++ Str-2 SInv} (You found it in a bailey)
  7194 | Orc:2    | Found Nypes's Antique Armour Shoppe.
  7197 | Orc:2    | Bought an embroidered cloak for 166 gold pieces
  7223 | Orc:1    | Found a roughly hewn altar of Beogh.
  7395 | Orc:3    | Found Xociv's Magic Scroll Emporium.
  7432 | Orc:3    | Bought a scroll of fog for 32 gold pieces
  7432 | Orc:3    | Bought a scroll of magic mapping for 56 gold pieces
  7656 | Orc:3    | Reached skill level 1 in Long Blades
  7742 | Orc:3    | You fall through a shaft!
  7742 | Orc:4    | Entered Level 4 of the Orcish Mines
  7885 | Orc:4    | Noticed Maud
  7891 | Orc:4    | Killed Maud
  7899 | Orc:4    | Found Piat's Gadget Boutique.
  7921 | Orc:4    | Found Ififru Caph's Food Shoppe.
  7944 | Orc:4    | Slain by an orc warrior

Vault maps used:
D:1:      dpeg_arrival_rhombi
D:2:      okawaru_ov_weapons_minmay
D:3:      first_bread, lexackson_kobold_supper
D:4:      minmay_temple_entry_nine_rooms, serial_shops, shop
D:6:      portal_sewer_entry_f, serial_shops, nicolae_shop_stone,
          nicolae_shop_waterfront, shop, nicolae_shop_waterfront,
          nicolae_shop_behind_doors, grunt_ministairs_7, kennysheep_small_square
D:8:      serial_ice, serial_ice_k, serial_ice_g, serial_ice_b, serial_ice_f,
          serial_ice_d, minmay_misc_feat_secret_circle
D:9:      minitemple, grunt_livestock, st_stairs_10, nemelex_dance_club_becter
D:10:     uniq_harold, uniq_josephine
D:11:     erik_lair_dragon, grunt_ministairs_4
D:12:     orc_david_3, fake_guardian_serpent_vault, uniq_nergalle
D:14:     grunt_vaults_entry_fortified, solitary_fountain, uniq_urug
D:15:     gammafunk_enter_depths_forms, lemuel_crystal_altar, serial_shops, shop
Orc:1:    basic_altar
Orc:2:    nicolae_orc_accident_2, serial_shops, nicolae_shop_behind_doors,
          enter_bailey_2, guppyfry_library_mini
Orc:3:    serial_shops, shop, nicolae_orc_pool_cavern
Orc:4:    st_orc_elflike, serial_shops, bzr_firewalk, nicolae_shop_behind_doors,
          shop, nicolae_shop_waterfront, uniq_maurice, uniq_maud
Sewer:    sewer_big_baddie
Bailey:   bailey_polearm_4, bailey

Action                   |  1- 3 |  4- 6 |  7- 9 | 10-12 | 13-15 || total
-------------------------+-------+-------+-------+-------+-------++-------
Melee: Dagger            |    70 |    86 |    63 |       |       ||   219
       Rapier            |       |       |   187 |   335 |   307 ||   829
       Quick blade       |       |       |       |    15 |    70 ||    85
       Scimitar          |       |       |       |       |   193 ||   193
 Fire: Blowgun           |    16 |    26 |    34 |     6 |     3 ||    85
Invok: Heroism           |       |       |     7 |    12 |    20 ||    39
       Finesse           |       |       |       |     1 |       ||     1
Evoke: Wand              |       |       |     5 |    58 |    29 ||    92
  Use: Potion            |     3 |       |       |     8 |     1 ||    12
       Scroll            |       |     4 |     6 |     8 |     5 ||    23
 Stab: Sleeping          |     6 |     5 |    10 |    27 |    17 ||    65
       Paralysed         |       |       |     1 |    11 |     5 ||    17
       Distracted        |       |       |     1 |     3 |     5 ||     9
       Invisible         |       |       |       |     4 |       ||     4
  Eat: Chunk             |       |     2 |     7 |    14 |    12 ||    35
       Fruit             |       |       |       |     2 |     2 ||     4
